 Dungeon Crawl Stone Soup version 0.30.0-29-ga12c61a403 (webtiles) character file.

Game seed: 15035480111304937646

3348 Fecro the Covert (level 9, -3/43 HPs)
             Began as a Spriggan Brigand on June 11, 2023.
             Succumbed to a hornet's poison
             ... on level 7 of the Dungeon on June 12, 2023.
             The game lasted 01:19:15 (8109 turns).

Fecro the Covert (Spriggan Brigand)                 Turns: 8109, Time: 01:19:16

Health: -3/43      AC:  5    Str: 13    XL:     9   Next: 72%
Magic:  12/12      EV: 19    Int: 12    God:
Gold:   520        SH:  0    Dex: 21    Spells: 10/11 levels left

rFire   . . .        t - +6 hand axe "Deog" {spect, Fly Str+6}
rCold   . . .        (no shield)
rNeg    . . .        s - +2 robe {Will+}
rPois   .            (helmet restricted)
rElec   .            c - +0 cloak
rCorr   .            (gloves unavailable)
SInv    +            (boots unavailable)
Will    ++...        (no amulet)
Stlth   +++++        (no ring)
HPRegen 0.27/turn    (no ring)
MPRegen 0.13/turn

%: no passive effects
@: lethally poisoned (-3 -> -21), flying, slowed, quick
A: very small, no large weapons, unfitting armour, see invisible, speed 3
a: no special abilities


You were on level 7 of the Dungeon.
You visited 2 branches of the dungeon, and saw 8 of its levels.
You also visited: Ossuary.

You collected 520 gold pieces.

Inventory:

Hand Weapons
 a - a +2 dagger
 t - the +6 hand axe "Deog" (weapon) {spect, Fly Str+6}
   (You found it on level 2 of the Dungeon)

   Str:       It affects your strength (+6).
   Fly:       It grants you flight.
 z - a +2 shortbow of freezing
Armour
 c - a +0 cloak (worn)
 d - an orb of light
 s - a +2 robe of willpower (worn)
Jewellery
 k - a ring of willpower
 M - a +6 ring of intelligence
Wands
 G - a wand of quicksilver (5)
 L - a wand of charming (2)
Scrolls
 b - a scroll of blinking {unknown}
 j - 5 scrolls of poison {unknown}
 m - 5 scrolls of teleportation {unknown}
 o - 2 scrolls of fear {unknown}
 p - 3 scrolls of torment {unknown}
 q - 3 scrolls of immolation {unknown}
 r - 2 scrolls of enchant armour {unknown}
 w - a scroll of fog {unknown}
 x - a scroll of vulnerability {unknown}
 y - 3 scrolls of identify {unknown}
 C - a scroll of noise {unknown}
 D - 2 scrolls of amnesia {unknown}
 H - a scroll of magic mapping {unknown}
 I - a scroll of enchant weapon {unknown}
Potions
 f - 8 potions of attraction {unknown}
 h - 4 potions of curing {unknown}
 i - 2 potions of haste
 l - 3 potions of brilliance {unknown}
 n - 6 potions of heal wounds {unknown}
 u - 4 potions of lignification {unknown}
 v - a potion of degeneration {unknown}
 A - 2 potions of might {unknown}
 B - a potion of magic {unknown}
 E - 2 potions of ambrosia {unknown}
 F - a potion of flight {unknown}
 J - a potion of resistance {unknown}
 K - a potion of berserk rage {unknown}


   Skills:
 + Level 2.8 Fighting
 + Level 2.9 Short Blades
 + Level 4.8 Axes
 + Level 1.6 Ranged Weapons
 + Level 9.6 Throwing
 + Level 3.4 Dodging
 + Level 11.5 Stealth
 + Level 1.7 Spellcasting
 + Level 0.2 Conjurations
 + Level 1.6 Evocations


You had 10 spell levels left.
You knew the following spells:

 Your Spells              Type           Power      Damage    Failure   Level
a - Magic Dart            Conj           4%         1d3       26%         1

Your spell library contained the following spells:

 Spells                   Type           Power      Damage    Failure   Level
 Beastly Appendage        Tmut           2%         N/A       28%         1
 Call Imp                 Summ           2%         N/A       38%         2
 Poisonous Vapours        Pois/Air       2%         N/A       38%         2
 Wereblood                Tmut           1%         N/A       38%         2
 Mephitic Cloud           Conj/Pois/Air  1%         N/A       63%         3
 Spider Form              Tmut/Pois      1%         N/A       63%         3
 Passage of Golubria      Tloc           1%         N/A       95%         4
 Freezing Cloud           Conj/Ice/Air   0%         6-21      100%        5
 Silence                  Hex/Air        0%         N/A       100%        5
 Lehudib's Crystal Spear  Conj/Erth      0%         10d2      100%        8


Dungeon Overview and Level Annotations

Branches:
Dungeon (7/15)             Temple (1/1) D:6         Ossuary (visited)

Altars:
Ashenzari
Elyvilon
Fedhas
Hepliaklqana
Kikubaaqudgha
Makhleb
Nemelex Xobeh
Okawaru
Qazlal
Ru
Sif Muna
Trog
Uskayaw
Wu Jian
Xom
Yredelemnul
Zin
The Shining One

Shops:
D:6 [

Annotations:
D:7 Maggie


Innate Abilities, Weirdness & Mutations

You are very small and have problems with some larger weapons.
You are too small for most types of armour.
You have supernaturally acute eyesight. (SInv)
You cover ground extremely quickly. (Speed+++)


Message History

Found a hide-covered altar of Uskayaw.
A hornet comes into view.
A sky beast comes into view.
You see here 21 gold pieces.
You can't wield that with only one hand.
Okay, then.
You start removing your armour.
You continue taking off your orb of light. x3
The hornet misses you.
You continue taking off your orb of light.
The hornet stings you.
You feel yourself slow down. The hornet barely misses you.
You finish taking off your orb of light.
The hornet attacks as you move away! The hornet barely misses you.
The hornet stings you!
You feel as though you will be slow longer.
The hornet attacks as you move away! The hornet misses you.
The hornet stings you!
You feel as though you will be slow longer.
You hit the hornet.
The hornet is lightly wounded.
Your +6 hand axe "Deog" {spect, Fly Str+6} hits the hornet.
The hornet stings you!
* * * LOW HITPOINT WARNING * * *
You are poisoned.
You feel as though you will be slow longer.
The hornet misses you.
The hornet stings you but does no damage.
You hit the hornet.
The hornet is moderately wounded.
Your +6 hand axe "Deog" {spect, Fly Str+6} barely misses the hornet.
You feel very sick. The hornet closely misses you. The hornet stings you!
* * * LOW HITPOINT WARNING * * *
You are more poisoned.
You feel as though you will be slow longer.
You slash the hornet!
The hornet is heavily wounded.
Your +6 hand axe "Deog" {spect, Fly Str+6} hits the hornet!
You die...

#......._................#
#......#.#......##.#..###
#.........#............#
#.........########.###.#
############.#..........(.#
.......#####.#.#....#.#####
######.....#.#....###.#
....##.....#.#.....##.#
.....#.....#....@..##.#
.....#.....'....y.♣♣#.#
.....#.....##...(..♣#.#
.....#............_♣ .#
.....####'###......♣ .....#
#.........♣.# #†...#
#.####....♣##
#.############.....#
#@#..........#....###


You could see a hornet and a friendly +6 hand axe "Deog" {spect, Fly Str+6}.

Vanquished Creatures
  Sigmund (D:5)
  Menkaure (D:7)
  Duvessa (D:6)
  4 black bears
  An ogre (D:6)
  2 centaurs
  A phantom (D:5)
  4 scorpions
  A bullfrog (D:6)
  A gnoll sergeant (D:5)
  14 wights (D:6)
  Dowan (D:6)
  4 killer bees
  3 hounds
  3 jellies
  2 orc priests
  A gnoll bouda (D:6)
  2 sleepcaps (D:6)
  5 orc wizards
  4 iguanas
  8 mummies (Ossuary)
  Robin (D:2)
  5 gnolls (D:5)
  6 adders
  A shadow imp (D:6)
  A white imp (D:7)
  3 ufetubi
  2 worms (D:4)
  36 orcs
  5 bats
  16 endoplasms
  2 giant cockroaches
  19 goblins
  4 hobgoblins
  2 jackals (D:3)
  4 kobolds
  5 quokkas
  8 ball pythons
  6 frilled lizards
  A gnoll zombie (Ossuary)
  2 hobgoblin zombies (Ossuary)
  2 kobold zombies (Ossuary)
  3 orc zombies (Ossuary)
  7 rats
205 creatures vanquished.

Notes
Turn   | Place    | Note
-------+----------+-------------------------------------------
     0 | D:1      | Fecro the Spriggan Brigand began the quest for the Orb.
     0 | D:1      | Reached XP level 1. HP: 10/10 MP: 2/2
    33 | D:1      | Reached skill level 6 in Stealth
   146 | D:1      | Reached XP level 2. HP: 9/14 MP: 3/3
   799 | D:2      | Reached skill level 7 in Stealth
   799 | D:2      | Reached XP level 3. HP: 18/18 MP: 4/4
   985 | D:2      | Identified the +6 hand axe "Deog" {spect, Fly Str+6}
  1036 | D:2      | Found a faded altar of an unknown god.
  1173 | D:2      | Noticed Robin
  1219 | D:2      | Killed Robin
  1328 | D:2      | Reached XP level 4. HP: 23/23 MP: 5/5
  2128 | D:3      | Noticed a black bear
  2148 | D:3      | Killed a black bear
  2149 | D:3      | Reached skill level 1 in Axes
  2149 | D:3      | Reached XP level 5. HP: 26/26 MP: 6/6
  2214 | D:3      | Reached skill level 8 in Stealth
  3053 | D:4      | Reached XP level 6. HP: 30/30 MP: 7/7
  3496 | D:4      | Found a hazy altar of Hepliaklqana.
  3723 | D:4      | Found a blossoming altar of Fedhas.
  4085 | D:5      | Entered Level 5 of the Dungeon
  4216 | D:5      | Noticed Sigmund
  4238 | D:5      | Killed Sigmund
  4239 | D:5      | Reached skill level 5 in Throwing
  4239 | D:5      | Reached skill level 9 in Stealth
  4239 | D:5      | Reached XP level 7. HP: 23/35 MP: 8/8
  4386 | D:5      | Found a sand-covered staircase.
  4407 | Ossuary  | Entered an ossuary
  4593 | Ossuary  | Reached skill level 10 in Stealth
  4989 | D:5      | Found a sparkling altar of Nemelex Xobeh.
  4993 | D:5      | Reached skill level 1 in Evocations
  4993 | D:5      | Reached XP level 8. HP: 39/39 MP: 9/9
  5456 | D:6      | Noticed Duvessa
  5456 | D:6      | Noticed Dowan
  5533 | D:6      | Killed Dowan
  5614 | D:6      | Learned a level 1 spell: Magic Dart
  5669 | D:6      | Killed Duvessa
  6146 | D:6      | Reached XP level 9. HP: 43/43 MP: 10/10
  6324 | D:6      | Found a staircase to the Ecumenical Temple.
  6705 | D:6      | Found Otiq's Armour Emporium.
  6730 | Temple   | Entered the Ecumenical Temple
  6860 | D:6      | Reached skill level 1 in Spellcasting
  7178 | D:6      | Reached skill level 11 in Stealth
  7547 | D:6      | Reached skill level 1 in Ranged Weapons
  7686 | D:7      | Noticed Maggie
  7832 | D:7      | Noticed Menkaure
  7840 | D:7      | Killed Menkaure
  8028 | D:7      | Found a broken altar of Ashenzari.
  8055 | D:7      | Found a glowing silver altar of Zin.
  8088 | D:7      | Found a hide-covered altar of Uskayaw.
  8091 | D:7      | Noticed a +0 hand axe
  8091 | D:7      | Noticed a +0 dagger
  8109 | D:7      | Succumbed to a hornet's poison

Illustrated notes

Levels and vault maps discovered:
D:1:      lightli_arrival_statue_moat, layout_basic
D:2:      layout_basic, shapermc_ecumenical_altar_hornbeckon, uniq_robin
D:3:      layout_basic, kennysheep_cross_room
D:4:      layout_loops_ring, fedhas_altar_4, mainiacjoe_overflow_alcove_1,
          grunt_decor_clamped, minmay_misc_feat_pillars, columned_hall_lemuel
D:5:      layout_loops_ring, mainiacjoe_overflow_small_starburst,
          nicolae_ossuary_entry_ruins, uniq_sigmund
D:6:      kb_forest_paths, layout_basic, minmay_temple_entry_statues_fountains,
          serial_shops, shop, uniq_duvessa
D:7:      layout_basic, ashenzari_altar_1, dancing_weapons_uskayaw, zin_academy,
          kennysheep_slug_shrine, uniq_menkaure, uniq_prince_ribbit1,
          uniq_maggie, uniq_joseph
Temple:   hellmonk_temple_flake

Skill      XL: |  1  2  3  4  5  6  7  8  9 |
---------------+----------------------------+-----
Stealth        | 6 7 8 9 10 11 | 11.5
Axes           | 1 2 3 4 |  4.8
Throwing       | 3 4 5 6 8 9 |  9.6
Dodging        | 2 3 |  3.4
Fighting       | 2 |  2.8
Evocations     | 1 |  1.6
Spellcasting   | 1 |  1.7
Ranged Weapons | 1 |  1.6
Short Blades   | |  2.9
Conjurations   | |  0.2

Action                     |  1- 3 |  4- 6 |  7- 9 || total
---------------------------+-------+-------+-------++-------
  Melee: Dagger            |    60 |       |       ||    60
         Hand axe          |    16 |    94 |   156 ||   266
         Punch             |       |     1 |     2 ||     3
   Fire: Shortbow          |       |       |    14 ||    14
  Throw: Dart              |    13 |    17 |    41 ||    71
         Boomerang         |     7 |    45 |    93 ||   145
         Stone             |       |       |    49 ||    49
   Cast: Magic Dart        |       |       |     3 ||     3
  Evoke: Wand              |       |       |    19 ||    19
   Stab: Sleeping          |    15 |    21 |    20 ||    56
         Distracted        |     1 |       |     2 ||     3
 Armour: Robe              |     2 |     9 |     9 ||    20
  Dodge: Dodged            |    38 |    48 |    95 ||   181
